 Dungeon Crawl Stone Soup version 0.25.0-9-g26727b657a (webtiles) character file.

Game seed: 17983255129671610104

69 Delamore the Cudgeler (level 4, -5/28 HPs)
             Began as a Gargoyle Fighter on June 18, 2020.
             Collided with a stone wall (14 damage)
             ... caused by a wretched star
             ... on level 1 of the Abyss.
             The game lasted 00:01:37 (1477 turns).

Delamore the Cudgeler (Gargoyle Fighter)            Turns: 1477, Time: 00:01:37

Health: -5/28      AC:  8    Str: 21    XL:     4   Next: 20%
Magic:  4/4        EV:  9    Int:  8    God:
Gold:   55         SH:  3    Dex:  5    Spells: 3/3 levels left

rFire    . . .     SeeInvis .   a - +0 flail
rCold    . . .     Gourm    .   j - +0 buckler
rNeg     + . .     Faith    .   b - +0 scale mail
rPois    ∞         Spirit   .   (no helmet)
rElec    +         Reflect  .   (no cloak)
rCorr    .         Harm     .   (no gloves)
MR       .....                  r - +0 pair of boots
Stlth    ..........             (no amulet)
HPRegen  0.09/turn              (no ring)
MPRegen  0.09/turn              (no ring)

@: no status effects
A: [clumsy 2], deformed body, negative energy resistance 1, electricity
resistance, unbreathing, petrification resistance, rot immunity, AC +3
a: no special abilities


You were on level 1 of the Abyss.
You were not hungry.

You visited 1 branch of the dungeon, and saw 2 of its levels.
You visited the Abyss 1 time.

You collected 55 gold pieces.

Inventory:

Hand Weapons
 a - a +0 flail (weapon)
Missiles
 m - 7 javelins (quivered)
Armour
 b - a +0 scale mail (worn)
 c - a +0 kite shield
 j - a +0 buckler (worn)
 r - a +0 pair of boots (worn)
 t - the +2 scale mail "Teuru" {rCorr Dex+4 Slay+2, unknown}
   (You found it on level 1 of the Abyss)

   It affects your dexterity (+4).
   It affects your accuracy and damage with ranged weapons and melee attacks
   (+2).
   It provides partial protection from all sources of acid and corrosion.
Scrolls
 h - 2 scrolls of identify {unknown}
 i - a scroll of enchant armour {unknown}
 k - a scroll of enchant weapon {unknown}
 l - a scroll of fog {unknown}
 o - a scroll of teleportation {unknown}
 q - a scroll of remove curse {unknown}
Potions
 d - a potion of might
 e - 3 potions of curing {unknown}
 g - a potion of resistance {unknown}
 n - a potion of haste {unknown}
 s - a potion of stabbing {unknown}
Comestibles
 f - 4 rations
 p - 3 chunks of flesh


   Skills:
 - Level 3.2 Fighting
 + Level 4.3 Maces & Flails
 - Level 3.2 Armour
 - Level 3.2 Shields


You had 3 spell levels left.
You didn't know any spells.
Your spell library contained the following spells:

 Spells                   Type           Power        Failure   Level  Hunger
 Beastly Appendage        Tmut           #.....       78%         1    ##.....
 Sticks to Snakes         Tmut           #.......     89%         2    ###....
 Spider Form              Tmut/Pois      #.........   98%         3    ####...
 Ice Form                 Ice/Tmut       #.......     100%        4    #####..
 Blade Hands              Tmut           #.........   100%        5    ######.


Dungeon Overview and Level Annotations

Branches:
Dungeon (2/15)

Altars:


Innate Abilities, Weirdness & Mutations

You are resistant to torment.
Your stone body is resilient. (AC +3)
You are immune to poison.
You resist negative energy. (rN+)
You are resistant to electric shocks. (rElec)
You can survive without breathing.
You are immune to petrification.
You are immune to rotting.
Armour fits poorly on your strangely shaped body.
[You are very clumsy. (Dex -4)]


Message History

Found 15 gold pieces.
The flying skull gives a hideous shriek!
A neqoxec comes into view.
The neqoxec shouts!
A wretched star comes into view.
Found a scroll labeled XASUF WYCHUCOSOUMM.
The wretched star pulses with an eldritch light!
You feel clumsy. x2
A white very ugly thing comes into view.
The white very ugly thing gurgles horribly!
The neqoxec gestures at you.
Strange energies course through your body.
Your body twists and deforms.
The wretched star glows turbulently.
The lance of force hits you!!
Ouch! That really hurt!
You are knocked back by the lance of force.
You slam into the stone wall!
Ouch! That really hurt!
You die...

#.#.####...z....
####..#.#.x#
##....
#.......#..##.#
... ##
#..##.$...# ##
$.
#..##...#.###..#
. #..#.#.z##
#...
#..X#..##..#...
#..#3u?..# # .
#..#.@#..### .
#.*..####..#
#..... #..#
...##.. ..# ..
..# ..# # #.. .
... #.#.


You could see a white very ugly thing, a wretched star, a neqoxec and a flying
skull.

Vanquished Creatures
  2 adders (D:2)
  An ooze (D:1)
  2 leopard geckos
  6 bats
  4 giant cockroaches
  5 goblins
  6 hobgoblins (D:1)
  2 jackals (D:1)
  2 ball pythons (D:1)
  6 frilled lizards
  4 kobolds
  5 rats
45 creatures vanquished.

Notes
Turn   | Place    | Note
-------+----------+-------------------------------------------
     0 | D:1      | Delamore the Gargoyle Fighter began the quest for the Orb.
     0 | D:1      | Reached XP level 1. HP: 14/14 MP: 1/1
   230 | D:1      | Reached XP level 2. HP: 19/19 MP: 2/2
   328 | D:1      | Reached skill level 3 in Maces & Flails
   461 | D:1      | Reached XP level 3. HP: 23/23 MP: 3/3
  1058 | D:2      | Reached skill level 4 in Maces & Flails
  1270 | D:2      | Reached XP level 4. HP: 28/28 MP: 4/4
  1431 | D:2      | Cast into level 1 of the Abyss (kobold)
  1441 | Abyss:1  | Noticed an ancient zyme
  1447 | Abyss:1  | Got a jewelled scale mail
  1463 | Abyss:1  | Noticed a large abomination
  1469 | Abyss:1  | Noticed a flying skull
  1473 | Abyss:1  | Noticed a neqoxec
  1473 | Abyss:1  | Noticed a wretched star
  1474 | Abyss:1  | Noticed a white very ugly thing
  1475 | Abyss:1  | Gained mutation: Armour fits poorly on your strangely
                  | shaped body. [a neqoxec]
  1477 | Abyss:1  | Collided with a stone wall

Illustrated notes

Levels and vault maps discovered:
D:1:      ebering_trefoil_twist, layout_basic
D:2:      layout_basic, first_ration
Abyss:1:  base: D:2, hangedman_abyss_or_decor_slice

Skill      XL: |  1  2  3 |
---------------+----------+-----
Maces & Flails | 3 4 |  4.3
Fighting       | |  3.2
Armour         | |  3.2
Shields        | |  3.2

Action                   |  1- 3 |  4- 6 || total
-------------------------+-------+-------++-------
Melee: Flail             |   151 |     6 ||   157
  Eat: Chunk             |     1 |     1 ||     2
Armor: Scale mail        |    93 |     2 ||    95
Dodge: Dodged            |    77 |     5 ||    82
Block: Kite shield       |    24 |       ||    24
       Buckler           |    27 |     1 ||    28
